 Dungeon Crawl Stone Soup version 0.23.2-40-g277498a001 (webtiles) character file.

Game seed: 1993865654642346289

479 MalarOregon the Caller (level 7, 0/51 HPs)
             Began as a Merfolk Summoner on Aug 24, 2019.
             Slain by a phantom (5 damage)
             ... on level 4 of the Dungeon.
             The game lasted 00:11:55 (7298 turns).

MalarOregon the Caller (Merfolk Summoner)           Turns: 7298, Time: 00:11:55

Health: 0/51       AC:  3    Str:  9    XL:     7   Next: 11%
Magic:  8/12       EV: 14    Int: 16    God:
Gold:   90         SH:  0    Dex: 14    Spells: 3/12 levels left

rFire    + . .     SeeInvis .   v - +0 falchion "Witweusk" {elec, +Fly rPois rF+}
rCold    + . .     Gourm    .   (no shield)
rNeg     . . .     Faith    .   a - +1 robe
rPois    +         Spirit   .   (no helmet)
rElec    .         Reflect  .   q - scarf {repulsion}
rCorr    .         Harm     .   (no gloves)
MR       .....                  (no boots)
Stlth    +++.......             (no amulet)
HPRegen  0.17/turn              o - ring of protection from cold
MPRegen  0.13/turn              (no ring)

@: about to teleport, berserk cooldown, flying, very slightly contaminated,
slowed, repel missiles, very slow
A: change form in water, swift swim, stealthy swim
a: no special abilities


You were on level 4 of the Dungeon.
You were not hungry.

You visited 1 branch of the dungeon, and saw 5 of its levels.

You collected 90 gold pieces.

Inventory:

Hand Weapons
 l - a +2 dagger of freezing
   (You took it off a kobold on level 3 of the Dungeon)
 t - a +0 blowgun
   (You took it off a kobold on level 3 of the Dungeon)
 v - the +0 falchion "Witweusk" (weapon) {elec, +Fly rPois rF+}
   (You found it on level 4 of the Dungeon)

   Occasionally, upon striking a foe, it will discharge some electrical energy
   and cause terrible harm.
   It protects you from fire.
   It protects you from poison.
   It lets you fly.
Missiles
 u - 2 curare-tipped needles {!f}
Armour
 a - a +1 robe (worn)
 q - a scarf of repulsion (worn)
   (You found it on level 3 of the Dungeon)
Jewellery
 o - a ring of protection from cold (left hand)
   (You found it on level 3 of the Dungeon)
Wands
 r - a wand of polymorph (6)
   (You took it off a kobold on level 3 of the Dungeon)
Scrolls
 d - 4 scrolls of remove curse {@r2}
 g - a scroll of amnesia {unknown}
 h - a scroll of blinking
 k - a scroll of enchant armour
 m - a scroll of fog {unknown}
 s - a scroll of identify {@r1}
Potions
 f - 3 potions of agility {unknown}
 n - a potion of lignification {unknown}
 w - a potion of mutation {!q}
Comestibles
 e - 7 rations {!d}
 i - 2 chunks of flesh


   Skills:
 + Level 2.9 Fighting
 - Level 4.1 Dodging
 - Level 4.0 Stealth
 + Level 3.4 Spellcasting
 * Level 5.9 Summonings


You had 3 spell levels left.
You knew the following spells:

 Your Spells              Type           Power        Failure   Level  Hunger
a - Summon Small Mammal   Summ           ###.         1%          1    None
b - Summon Guardian Gole  Hex/Summ       ##......     16%         3    ###....
c - Call Canine Familiar  Summ           ###.....     4%          3    ###....
x - Call Imp              Summ           ###.....     2%          2    ##.....

Your spell library contained the following spells:

 Spells                   Type           Power        Failure   Level  Hunger
 Summon Ice Beast         Ice/Summ       ##......     45%         4    ####...
 Summon Lightning Spire   Summ/Air       ##......     45%         4    ####...


Dungeon Overview and Level Annotations

Branches:
Dungeon (5/15)
 Temple: D:4-7

Altars:
Ashenzari
Hepliaklqana
Qazlal
Ru
Sif Muna
Uskayaw
Yredelemnul
Zin

Annotations:
D:4 Sigmund
D:5 2 runed translucent doors, Edmund


Message History

You bump into the rock wall.
You feel a strong urge to attack something.
Sigmund misses you.
Unknown command.
You bump into the rock wall.
You feel your anger nearly subside.
You are no longer berserk.
You are exhausted.
You feel yourself slow down.
You're too confused to move!
You feel less confused.
Sigmund casts a spell.
Sigmund flickers and vanishes!
Deactivating autopickup; reactivate with Ctrl-A.
You hear some strange, mumbled words.
A puff of flame appears from out of thin air!
The puff of flame is repelled.
Unknown command.
Something hits you!
* * * LOW HITPOINT WARNING * * *
You swap places.
Your hound bites something.
Something barely misses you.
Your hound bites something.
Your hound completely misses something.
A puff of flame appears from out of thin air!
The puff of flame hits your hound!
Your hound barely misses something.
Your hound closely misses something.
Something hits your hound but does no damage.
Your hound bites something.
Your hound bites something.
A puff of flame appears from out of thin air!
The puff of flame hits your hound!
Your hound dies!
Your hound's corpse disappears in a puff of smoke!
The phantom blinks!
The phantom completely misses you. The phantom hits you.
* * * LOW HITPOINT WARNING * * *
Your hound bites the phantom but does no damage.
Your hound bites the phantom.
Your hound closely misses the phantom.
The phantom barely misses you. Something hits you but does no damage.
As you read the scroll of teleportation {@r4}, it crumbles to dust.
You feel strangely unstable.
Your hound bites the phantom but does no damage.
Your hound bites the phantom.
The phantom hits you.
* * * LOW HITPOINT WARNING * * *
Something completely misses you.
You hit the phantom. Lightning courses through the phantom!
Your hound bites the phantom.
Your hound completely misses the phantom.
The phantom hits you.
You die...

..#.#..### #...#.#.# #.#.#
..#.#..# #...#.#.# #.#.#
..#....#####...#.#.# #.#.#
#####.#...##...#.#.#########.#.#
#.#.#.##...#.#.............#
#####.#.####...#.#.#########.###
...........#...#{h......# #.#
......#.#.##...#W#.#..#.# #.#
#######.#.##...#@#.#....####.#
......#.#.##.....#.##........#
#####.#.#.##..##.#.##..#######
#.#.#.##..##.#.##..# ######
#.#.#.##.....#.##..#####....#
#.#.#.....##.#............#.#
#####.#.#######################.#
....#.#.........................#
#####.###########################


You could see a phantom and a friendly hound.

Vanquished Creatures
  A sky beast (D:4)
  A centaur (D:5)
  Dowan (D:4)
  A scorpion (D:4)
  A hound (D:4)
  Natasha (D:4)
  5 adders
  2 worms
  2 leopard geckos
  An orc (D:4)
  3 giant cockroaches
  3 goblins
  2 hobgoblins (D:2)
  7 jackals
  A quokka (D:4)
  A bat (D:3)
  5 frilled lizards
  3 kobolds (D:3)
  A leopard gecko skeleton (D:4)
  5 rats
47 creatures vanquished.

Vanquished Creatures (collateral kills)
  Duvessa (D:4)
  A hound (D:3)
  Natasha (twice) (D:4)
  An adder (D:3)
  A hobgoblin (D:1)
  3 goblins
  A rat (D:1)
10 creatures vanquished.

Grand Total: 57 creatures vanquished

Notes
Turn   | Place    | Note
-------+----------+-------------------------------------------
     0 | D:1      | MalarOregon the Merfolk Summoner began the quest for the
                  | Orb.
     0 | D:1      | Reached XP level 1. HP: 13/13 MP: 3/3
   311 | D:1      | You fall through a shaft!
  1157 | D:2      | Reached XP level 2. HP: 11/20 MP: 0/5
  1341 | D:2      | Found a basalt altar of Yredelemnul.
  1341 | D:2      | Found a hide-covered altar of Uskayaw.
  1346 | D:2      | Found a sacrificial altar of Ru.
  1348 | D:2      | Found a deep blue altar of Sif Muna.
  1350 | D:2      | Found a hazy altar of Hepliaklqana.
  2061 | D:2      | Reached XP level 3. HP: 21/25 MP: 6/6
  2761 | D:3      | Found a shattered altar of Ashenzari.
  2912 | D:3      | Reached skill level 1 in Fighting
  3958 | D:4      | Got a faintly glowing falchion
  4114 | D:4      | Reached XP level 4. HP: 29/32 MP: 7/7
  4240 | D:4      | Reached skill level 5 in Summonings
  4240 | D:4      | Reached XP level 5. HP: 20/38 MP: 7/9
  4403 | D:4      | Found a stormy altar of Qazlal.
  4445 | D:4      | Noticed Duvessa
  4448 | D:4      | Noticed Dowan
  4856 | D:3      | Learned a level 2 spell: Call Imp
  4894 | D:4      | Found a glowing silver altar of Zin.
  5052 | D:4      | Noticed Natasha
  5069 | D:4      | Killed Natasha
  5428 | D:4      | Killed Dowan
  5574 | D:4      | Found a glowing silver altar of Zin.
  5609 | D:4      | Killed Duvessa
  5609 | D:4      | Reached XP level 6. HP: 17/44 MP: 0/10
  5804 | D:4      | Learned a level 3 spell: Call Canine Familiar
  5808 | D:4      | Learned a level 3 spell: Summon Guardian Golem
  5969 | D:4      | Noticed Natasha
  5984 | D:4      | Killed Natasha
  6123 | D:4      | Found a stormy altar of Qazlal.
  6879 | D:4      | Found a glowing silver altar of Zin.
  6904 | D:4      | Noticed Natasha
  6922 | D:4      | Killed Natasha
  7046 | D:4      | Identified the +0 falchion "Witweusk" {elec, +Fly rPois
                  | rF+} (You found it on level 4 of the Dungeon)
  7051 | D:5      | Entered Level 5 of the Dungeon
  7053 | D:5      | Found a runed translucent gate.
  7054 | D:5      | Found a runed translucent gate.
  7110 | D:5      | Noticed a soldier ant
  7111 | D:5      | Noticed a sky beast
  7114 | D:5      | Noticed a phantom
  7134 | D:4      | Killed a sky beast
  7134 | D:4      | Reached XP level 7. HP: 13/51 MP: 2/12
  7224 | D:5      | Noticed Sigmund
  7263 | D:5      | Noticed Edmund
  7269 | D:5      | Found a runed translucent door.
  7271 | D:5      | Noticed a soldier ant
  7298 | D:4      | Slain by a phantom

Skill      XL: |  1  2  3  4  5  6 |
---------------+-------------------+-----
Dodging        | 3 4 |  4.1
Fighting       | 1 2 |  2.9
Stealth        | 3 4 |  4.0
Summonings     | 5 |  5.9
Spellcasting   | 3 |  3.4

Action                   |  1- 3 |  4- 6 |  7- 9 || total
-------------------------+-------+-------+-------++-------
Melee: Unarmed           |    52 |       |       ||    52
       Dagger            |    46 |    71 |       ||   117
       Falchion          |       |    22 |     8 ||    30
 Fire: Hunting sling     |    54 |       |       ||    54
 Cast: Summon Small Mamm |    20 |     8 |       ||    28
       Call Imp          |       |    22 |       ||    22
       Call Canine Famil |       |     4 |     2 ||     6
  Use: Scroll            |       |       |     7 ||     7
       Potion            |       |       |     2 ||     2
 Stab: Sleeping          |     9 |     2 |       ||    11
       Distracted        |       |     1 |       ||     1
  Eat: Chunk             |    10 |    11 |     1 ||    22
Armor: Robe              |     5 |    11 |     2 ||    18
Dodge: Dodged            |    81 |    92 |    21 ||   194
       Deflected         |       |       |     2 ||     2
       Rpst.: Falchion   |       |     8 |     4 ||    12
